 Dungeon Crawl Stone Soup version bcrawl-1.26.1 (webtiles) character file.

Game seed: 8765650104652916599

338879 Freyura the Covert (level 8, -9/62 HPs)
             Began as a Vampire Monk on July 14, 2020.
             Mangled by Menkaure (19 damage)
             ... on level 5 of the Dungeon.
             The game lasted 00:13:16 (3901 turns).

Freyura the Covert (Vampire Monk)                   Turns: 3901, Time: 00:13:17

Health: -9/62      AC:  7    Str: 17    XL:     8   Next: 74%
Magic:  9/9        EV: 16    Int: 10    God:
Gold:   359        SH:  4    Dex: 18    Spells: 7/7 levels left

rFire    . . .     SeeInvis +   i - +0 dagger (drain)
rCold    + . .     Gourm    .   (no shield)
rNeg     + + .     Faith    .   h - +0 troll leather armour {Purgy}
rPois    ∞         Spirit   .   c - +0 hat
rElec    .         Reflect  +   g - +1 cloak
rCorr    .         Harm     .   t - +0 pair of gloves
MR       .....                  (no boots)
Stlth    +++++++...             p - +4 amulet of reflection
HPRegen  0.30/turn              u - +3 ring of strength
MPRegen  0.11/turn              (no ring)

@: bloodless, regenerating slowly
A: claws 1, fangs 3, see invisible, unbreathing
a: no special abilities


You were on level 5 of the Dungeon.
You were bloodless.

You visited 1 branch of the dungeon, and saw 5 of its levels.

You collected 359 gold pieces.

Inventory:

Hand Weapons
 a - a +0 short sword
 i - a +0 dagger of draining (weapon)
Armour
 b - a +0 robe
 c - a +0 hat (worn)
 g - a +1 cloak (worn)
 h - a +0 troll leather armour (worn) {Purgy}
 r - the +0 ring mail of Twilight {MR- Str+4 Dex+8}
   (You found it on level 4 of the Dungeon)

   It affects your strength (+4).
   It affects your dexterity (+8).
   It affects your resistance to hostile enchantments.
 t - a +0 pair of gloves (worn)
Jewellery
 d - an uncursed amulet of guardian spirit
 j - an uncursed amulet of the gourmand
 p - a +4 amulet of reflection (around neck)
 u - a +3 ring of strength (left hand)
Wands
 o - a wand of digging (8)
Scrolls
 e - 5 scrolls of remove curse
 f - 3 scrolls of identify
 n - 3 scrolls of teleportation
Potions
 k - a potion of agility {unknown}
 l - a potion of flight {unknown}
 m - a potion of curing {unknown}
 q - 30 potions of blood
 s - 2 potions of degeneration {unknown}


   Skills:
 + Level 5.3 Fighting
 + Level 7.0 Short Blades
 + Level 6.3 Dodging
 * Level 11.3 Stealth
   Level 1.7 Invocations


You had 7 spell levels left.
You didn't know any spells.
Your spell library was empty.

Dungeon Overview and Level Annotations

Branches:
Dungeon (5/12)
 Temple: D:4-7

Altars:
Ru
Uskayaw
Xom

Annotations:
D:5 Menkaure


Innate Abilities, Weirdness & Mutations

You heal slowly.
You are immune to poison.
You have sharp fingernails.
You have razor-sharp teeth.
You have supernaturally acute eyesight. (SInv)
You can survive without breathing.


Message History

The ice beast convulses!
Your body is wracked with pain!
The ice beast hits you but does no damage.
You closely miss the ice beast.
You bite the ice beast, but do no damage.
The ice beast is almost dead.
Menkaure completely misses you.
You hit the ice beast but do no damage. You drain the ice beast.
The ice beast is almost dead.
The ice beast hits you but does no damage.
Menkaure hits you!
* * * LOW HITPOINT WARNING * * *
You barely miss the ice beast.
The ice beast is almost dead.
The ice beast hits you but does no damage.
Menkaure barely misses you.
You hit the ice beast.
You kill the ice beast!
Your Short Blades skill increases to level 7!
Menkaure hits you!!
You die...

#.###.######....## #.#
#........>....
#.##########.#..##
#..........#.#..##
##########.#.#....
#.#.##### ### #.#......
.....###########.#######
.......@.............^.#
.......M...#####.......#
...........# #.......#
..........## #.......#
........$.# #.......#
....$.....# #.).....#
..........# .........
#####.....# .......#


You could see Menkaure.

Vanquished Creatures
  Prince Ribbit (D:5)
  A hungry ghost (D:5)
  An ice beast (D:5)
  Purgy (D:3)
  A phantom (D:4)
  A sky beast (D:4)
  A black bear (D:4)
  2 ogres
  A centaur (D:5)
  2 scorpions
  3 crimson imps
  2 orc priests
  2 hounds (D:5)
  A jelly (D:5)
  4 orc wizards
  A bullfrog skeleton (D:5)
  Natasha (thrice) (D:4)
  A worker ant (D:4)
  A killer bee zombie (D:3)
  A hound skeleton (D:4)
  A worker ant zombie (D:5)
  4 adders
  An ooze (D:3)
  4 worms
  A dart slug (D:3)
  7 leopard geckos
  22 orcs
  3 giant cockroaches
  3 goblins
  4 hobgoblins
  7 kobolds
  3 quokkas
  3 ball pythons
  4 bats
  2 frilled lizards (D:4)
  A jackal skeleton (D:4)
  2 rats (D:1)
103 creatures vanquished.

Notes
Turn   | Place    | Note
-------+----------+-------------------------------------------
     0 | D:1      | Freyura the Vampire Monk began the quest for the Orb.
     0 | D:1      | Reached XP level 1. HP: 17/17 MP: 2/2
    67 | D:1      | Reached XP level 2. HP: 11/23 MP: 1/3
   179 | D:1      | Reached skill level 4 in Stealth
   763 | D:2      | Reached XP level 3. HP: 25/28 MP: 4/4
  1344 | D:3      | Noticed Purgy
  1351 | D:3      | Killed Purgy
  1351 | D:3      | Reached skill level 5 in Stealth
  1351 | D:3      | Reached XP level 4. HP: 35/35 MP: 5/5
  1351 | D:3      | Reached XP level 5. HP: 41/41 MP: 6/6
  1576 | D:3      | Noticed a +0 hand axe
  1577 | D:3      | Noticed a +0 hand axe
  1579 | D:3      | Noticed an ogre
  1581 | D:3      | Found a hide-covered altar of Uskayaw.
  1598 | D:3      | Killed an ogre
  1598 | D:3      | Reached skill level 6 in Stealth
  1691 | D:3      | Found a sacrificial altar of Ru.
  2173 | D:4      | Reached skill level 7 in Stealth
  2173 | D:4      | Reached XP level 6. HP: 48/48 MP: 7/7
  2202 | D:4      | Reached skill level 5 in Short Blades
  2442 | D:4      | Got a crude ring mail
  2476 | D:4      | Noticed Natasha
  2477 | D:4      | Found a shimmering altar of Xom.
  2495 | D:4      | Reached skill level 8 in Stealth
  2495 | D:4      | Reached XP level 7. HP: 35/54 MP: 8/8
  2499 | D:4      | Killed Natasha
  2522 | D:4      | Noticed Natasha
  2530 | D:4      | Killed Natasha
  2530 | D:4      | Reached skill level 5 in Dodging
  2744 | D:4      | Noticed Natasha
  2757 | D:4      | Killed Natasha
  3001 | D:4      | Reached skill level 9 in Stealth
  3366 | D:4      | Identified the +0 ring mail of Twilight {MR- Str+4 Dex+8}
                  | (You found it on level 4 of the Dungeon)
  3401 | D:5      | Entered Level 5 of the Dungeon
  3421 | D:5      | Reached XP level 8. HP: 58/61 MP: 9/9
  3576 | D:5      | Reached skill level 10 in Stealth
  3752 | D:5      | Reached skill level 5 in Fighting
  3778 | D:5      | Noticed Prince Ribbit
  3827 | D:5      | Killed Prince Ribbit
  3827 | D:5      | Reached skill level 11 in Stealth
  3885 | D:5      | Noticed Menkaure
  3901 | D:5      | Mangled by Menkaure

Skill      XL: |  1  2  3  4  5  6  7  8 |
---------------+-------------------------+-----
Stealth        | 4 5 7 8 9 11 | 11.3
Short Blades   | 4 5 6 7 |  7.0
Fighting       | 3 4 5 |  5.3
Dodging        | 4 5 6 |  6.3
Invocations    | |  1.7

Action                   |  1- 3 |  4- 6 |  7- 9 || total
-------------------------+-------+-------+-------++-------
Melee: Short sword       |    44 |       |       ||    44
       Bite              |     4 |    32 |    63 ||    99
       Dagger            |    29 |   247 |   448 ||   724
  Use: Scroll            |     6 |     1 |       ||     7
 Stab: Sleeping          |    12 |     6 |     9 ||    27
Armor: Robe              |     7 |       |       ||     7
       Troll leather arm |       |    44 |    65 ||   109
Dodge: Dodged            |    39 |   129 |   238 ||   406
Block: Other             |       |    32 |    49 ||    81
       Reflection        |       |       |     1 ||     1
